| TOP OF THE 1ST |
|
San Francisco Giants batting - Pitching for Cincinnati Reds : LHP Doug Rau
|
|
Pitching: LHP Doug Rau
|
|
|
Batting: SHB Kevin Bass
|
0-0: Called Strike 0-1: Foul Ball, location: 2F 0-2: Ball 1-2: Ball 2-2: Foul Ball, location: 2F 2-2: Strikes out swinging
|
|
Batting: RHB Kevin Howard
|
0-0: Ball 1-0: Ball 2-0: SINGLE (Line Drive, 9S, EV 96.9 MPH)
|
|
Batting: LHB Keith Hernandez
|
0-0: Ball 1-0: Ball 2-0: Ball 3-0: Called Strike 3-1: Grounds into double play, 4-6-3 (Groundball, 4, EV 95.6 MPH)
|
| Top of the 1st over - 0 runs, 1 hit, 0 errors, 0 left on base; San Francisco 0 - Cincinnati 0 |
| BOTTOM OF THE 1ST |
|
Cincinnati Reds batting - Pitching for San Francisco Giants : RHP Steven Miller
|
|
Pitching: RHP Steven Miller
|
|
|
Batting: RHB Gary Matthews
|
0-0: Ball 1-0: SINGLE (Line Drive, 8LS, EV 89.4 MPH)
|
|
Batting: LHB Scott Radloff
|
0-0: Fly out, F8 (Flyball, 8LXD, EV 85.6 MPH)
|
|
Batting: LHB Mike Easler
|
0-0: Ball 1-0: Foul Ball, location: 2F 1-1: Called Strike Gary Matthews steals 2nd base (no throw) 1-2: Strikes out swinging
|
|
Batting: LHB Darrell Evans
|
0-0: Ball 1-0: Ball 2-0: Called Strike 2-1: Swinging Strike 2-2: Foul Ball, location: 2F 2-2: Ball 3-2: Fly out, F4 (Popup, 4MD, EV 64.4 MPH)
|
| Bottom of the 1st over - 0 runs, 1 hit, 0 errors, 1 left on base; San Francisco 0 - Cincinnati 0 |
| TOP OF THE 2ND |
|
San Francisco Giants batting - Pitching for Cincinnati Reds : LHP Doug Rau
|
|
Batting: RHB Phil Bailey
|
0-0: Called Strike 0-1: Ground out 4-3 (Groundball, 4, EV 85.6 MPH)
|
|
Batting: RHB Don Slaught
|
0-0: Called Strike 0-1: SINGLE (Line Drive, 9LS, EV 96.3 MPH)
|
|
Batting: SHB Tyler O'Dell
|
0-0: Swinging Strike 0-1: Foul Ball, location: 2F 0-2: Ball 1-2: Foul Ball, location: 2F 1-2: Ball 2-2: Ball 3-2: Fly out, F7 (Line Drive, 7, EV 87.5 MPH)
|
|
Batting: RHB Billy L Smith
|
0-0: Ball Don Slaught is caught stealing 2nd base 2-4
|
| Top of the 2nd over - 0 runs, 1 hit, 0 errors, 0 left on base; San Francisco 0 - Cincinnati 0 |
| BOTTOM OF THE 2ND |
|
Cincinnati Reds batting - Pitching for San Francisco Giants : RHP Steven Miller
|
|
Batting: LHB Joseph Talley
|
0-0: Ball 1-0: Called Strike 1-1: Ball 2-1: Fly out, F9 (Line Drive, 9, EV 105.6 MPH)
|
|
Batting: RHB John Malkin
|
0-0: Called Strike 0-1: Ball 1-1: Ball 2-1: Foul Ball, location: 2F 2-2: Ball 3-2: DOUBLE (Groundball, 5L, EV 106.9 MPH)
|
|
Batting: RHB Jesus Alfaro
|
0-0: Ball 1-0: SINGLE (Line Drive, 5D, EV 110.6 MPH) John Malkin to third Runner from 3rd tries for Home, SAFE, throw by LF to home
|
|
Batting: RHB John Damon
|
0-0: Called Strike 0-1: Ball 1-1: Called Strike 1-2: Ball 2-2: DOUBLE (Line Drive, 9LM, EV 107.5 MPH) Jesus Alfaro to third Runner from 3rd tries for Home, SAFE, no throw by RF
|
|
Batting: LHB Doug Rau
|
0-0: Ball 1-0: Ball 2-0: Ball 3-0: Base on Balls
|
|
Batting: RHB Gary Matthews
|
0-0: Ball 1-0: Called Strike 1-1: Grounds into double play, 5-4-3 (Groundball, 5, EV 98.1 MPH)
|
| Bottom of the 2nd over - 2 runs, 3 hits, 0 errors, 1 left on base; San Francisco 0 - Cincinnati 2 |
| TOP OF THE 3RD |
|
San Francisco Giants batting - Pitching for Cincinnati Reds : LHP Doug Rau
|
|
Batting: RHB Billy L Smith
|
0-0: Swinging Strike 0-1: Swinging Strike 0-2: Ball 1-2: SOLO HOME RUN (Flyball, 9LD, EV 93.8 MPH), Distance : 368 ft
|
|
Batting: LHB Doug Frobel
|
0-0: Ball 1-0: Called Strike 1-1: Swinging Strike 1-2: Foul Ball, location: 2F 1-2: Ball 2-2: Strikes out swinging
|
|
Batting: RHB Steven Miller
|
0-0: SINGLE (Flyball, 9LS, EV 89.4 MPH)
|
|
Batting: SHB Kevin Bass
|
0-0: Swinging Strike 0-1: Ball 1-1: Ball 2-1: Fly out, F8 (Flyball, 8LM, EV 95.0 MPH)
|
|
Batting: RHB Kevin Howard
|
0-0: Ball 1-0: Foul Ball, location: 2F 1-1: Called Strike 1-2: Strikes out swinging
|
| Top of the 3rd over - 1 run, 2 hits, 0 errors, 1 left on base; San Francisco 1 - Cincinnati 2 |
| BOTTOM OF THE 3RD |
|
Cincinnati Reds batting - Pitching for San Francisco Giants : RHP Steven Miller
|
|
Batting: LHB Scott Radloff
|
0-0: Called Strike 0-1: Swinging Strike 0-2: Strikes out looking
|
|
Batting: LHB Mike Easler
|
0-0: Called Strike 0-1: Ground out 1-3 (Groundball, 13S, EV 68.1 MPH)
|
|
Batting: LHB Darrell Evans
|
0-0: Ball 1-0: Foul Ball, location: 2F 1-1: Called Strike 1-2: Fly out, F6 (Popup, 6M, EV 72.5 MPH)
|
| Bottom of the 3rd over - 0 runs, 0 hits, 0 errors, 0 left on base; San Francisco 1 - Cincinnati 2 |
| TOP OF THE 4TH |
|
San Francisco Giants batting - Pitching for Cincinnati Reds : LHP Doug Rau
|
|
Batting: LHB Keith Hernandez
|
0-0: Ball 1-0: Foul Ball, location: 2F 1-1: Ground out 4-3 (Groundball, 4, EV 98.1 MPH)
|
|
Batting: RHB Phil Bailey
|
0-0: SOLO HOME RUN (Flyball, 9D, EV 89.4 MPH), Distance : 393 ft
|
|
Batting: RHB Don Slaught
|
0-0: Called Strike 0-1: Foul Ball, location: 2F 0-2: Ball 1-2: Ball 2-2: Fly out, F4 (Popup, 4, EV 72.5 MPH)
|
|
Batting: SHB Tyler O'Dell
|
0-0: Ball 1-0: Fly out, F8 (Flyball, 8RD, EV 107.5 MPH)
|
| Top of the 4th over - 1 run, 1 hit, 0 errors, 0 left on base; San Francisco 2 - Cincinnati 2 |
| BOTTOM OF THE 4TH |
|
Cincinnati Reds batting - Pitching for San Francisco Giants : RHP Steven Miller
|
|
Batting: LHB Joseph Talley
|
0-0: Ball 1-0: Ball 2-0: Called Strike 2-1: Foul Ball, location: 2F 2-2: Strikes out swinging
|
|
Batting: RHB John Malkin
|
0-0: Ball 1-0: Called Strike 1-1: Ball 2-1: Foul Ball, location: 2F 2-2: Strikes out swinging
|
|
Batting: RHB Jesus Alfaro
|
0-0: Ball 1-0: Ball 2-0: Ball 3-0: Called Strike 3-1: Foul Ball, location: 2F 3-2: Strikes out swinging
|
| Bottom of the 4th over - 0 runs, 0 hits, 0 errors, 0 left on base; San Francisco 2 - Cincinnati 2 |
| TOP OF THE 5TH |
|
San Francisco Giants batting - Pitching for Cincinnati Reds : LHP Doug Rau
|
|
Batting: RHB Billy L Smith
|
0-0: Called Strike 0-1: Called Strike 0-2: Foul Ball, location: 2F 0-2: Ball 1-2: Strikes out swinging
|
|
Batting: LHB Doug Frobel
|
0-0: Swinging Strike 0-1: Fly out, F8 (Flyball, 8LS, EV 71.9 MPH)
|
|
Batting: RHB Steven Miller
|
0-0: Ball 1-0: Ball 2-0: Called Strike 2-1: Foul Ball, location: 2F 2-2: Strikes out swinging
|
| Top of the 5th over - 0 runs, 0 hits, 0 errors, 0 left on base; San Francisco 2 - Cincinnati 2 |
| BOTTOM OF THE 5TH |
|
Cincinnati Reds batting - Pitching for San Francisco Giants : RHP Steven Miller
|
|
Batting: RHB John Damon
|
0-0: Foul Ball, location: 2F 0-1: Ball 1-1: Foul Ball, location: 2F 1-2: Foul Ball, location: 2F 1-2: Ball 2-2: SINGLE (Flyball, 89S, EV 87.5 MPH)
|
|
Batting: LHB Doug Rau
|
0-0: Bunt missed! 0-1: Ball 1-1: Ball 2-1: Bunted foul 2-2: Sac Bunt to 15 - play at first, batter OUT! 1-4 John Damon to second
|
|
Batting: RHB Gary Matthews
|
0-0: Ball 1-0: Swinging Strike 1-1: Called Strike John Damon steals 3rd base (no throw) 1-2: Ball 2-2: Foul Ball, location: 2F 2-2: Fly out, F4 (Flyball, 34D, EV 93.1 MPH)
|
|
Batting: LHB Scott Radloff
|
0-0: Ball 1-0: SINGLE (Groundball, 34D, EV 105.6 MPH) John Damon scores
|
|
Batting: LHB Mike Easler
|
0-0: Ball 1-0: Foul Ball, location: 2F 1-1: 2-RUN HOME RUN (Flyball, 8RXD, EV 95.0 MPH), Distance : 441 ft
|
|
Batting: LHB Darrell Evans
|
0-0: Foul Ball, location: 2F 0-1: SOLO HOME RUN (Flyball, 89XD, EV 100.0 MPH), Distance : 433 ft
|
|
Pitching: RHP John Littlefield
|
|
|
Batting: LHB Joseph Talley
|
0-0: Called Strike 0-1: Called Strike 0-2: Strikes out swinging
|
| Bottom of the 5th over - 4 runs, 4 hits, 0 errors, 0 left on base; San Francisco 2 - Cincinnati 6 |
| TOP OF THE 6TH |
|
San Francisco Giants batting - Pitching for Cincinnati Reds : LHP Doug Rau
|
|
Batting: SHB Kevin Bass
|
0-0: Ground out 6-3 (Groundball, 56, EV 86.3 MPH)
|
|
Batting: RHB Kevin Howard
|
0-0: Fly out, F6 (Flyball, 6D, EV 93.1 MPH)
|
|
Batting: LHB Keith Hernandez
|
0-0: Ground out 4-3 (Groundball, 4, EV 80.0 MPH)
|
| Top of the 6th over - 0 runs, 0 hits, 0 errors, 0 left on base; San Francisco 2 - Cincinnati 6 |
| BOTTOM OF THE 6TH |
|
Cincinnati Reds batting - Pitching for San Francisco Giants : RHP John Littlefield
|
|
Batting: RHB John Malkin
|
0-0: Ball 1-0: Ball 2-0: SINGLE (Line Drive, 89M, EV 103.1 MPH)
|
|
Batting: RHB Jesus Alfaro
|
0-0: Called Strike 0-1: Ball 1-1: Called Strike 1-2: Foul Ball, location: 2F 1-2: Ball 2-2: Foul Ball, location: 2F 2-2: Foul Ball, location: 2F 2-2: Ball Balk! John Malkin to second 3-2: Foul Ball, location: 2F 3-2: DOUBLE (Line Drive, 7LS, EV 100.0 MPH) John Malkin scores
|
|
Batting: RHB John Damon
|
0-0: Ball 1-0: Ball 2-0: Foul Ball, location: 2F 2-1: Swinging Strike 2-2: Foul Ball, location: 2F 2-2: Ball 3-2: Ground out 5-3 (Groundball, 5, EV 96.3 MPH)
|
|
Batting: LHB Doug Rau
|
0-0: Ball 1-0: Ball 2-0: Ball 3-0: Called Strike 3-1: Called Strike 3-2: Strikes out swinging
|
|
Batting: RHB Gary Matthews
|
0-0: Foul Ball, location: 2F 0-1: Called Strike 0-2: Ball 1-2: Ball 2-2: Ball 3-2: Foul Ball, location: 2F 3-2: Foul Ball, location: 2F 3-2: Fly out, F8 (Flyball, 89M, EV 84.4 MPH)
|
| Bottom of the 6th over - 1 run, 2 hits, 0 errors, 1 left on base; San Francisco 2 - Cincinnati 7 |
| TOP OF THE 7TH |
|
San Francisco Giants batting - Pitching for Cincinnati Reds : LHP Doug Rau
|
|
Batting: RHB Phil Bailey
|
0-0: Called Strike 0-1: Ground out 6-3 (Groundball, 56, EV 103.1 MPH)
|
|
Batting: RHB Don Slaught
|
0-0: Foul Ball, location: 2F 0-1: Swinging Strike 0-2: SINGLE (Line Drive, 7LS, EV 93.8 MPH)
|
|
Batting: SHB Tyler O'Dell
|
0-0: Called Strike 0-1: Foul Ball, location: 2F 0-2: Foul Ball, location: 2F 0-2: Ball 1-2: Ball 2-2: Fly out, F9 (Flyball, 89M, EV 91.3 MPH)
|
|
Batting: RHB Billy L Smith
|
0-0: Ball Don Slaught steals 2nd, throwing error, E2 Don Slaught to third 1-0: Called Strike 1-1: Fly out, F4 (Line Drive, 4, EV 61.9 MPH)
|
| Top of the 7th over - 0 runs, 1 hit, 1 error, 1 left on base; San Francisco 2 - Cincinnati 7 |
| BOTTOM OF THE 7TH |
|
Cincinnati Reds batting - Pitching for San Francisco Giants : RHP John Littlefield
|
|
Batting: LHB Scott Radloff
|
0-0: Fly out, F6 (Popup, P, EV 73.8 MPH)
|
|
Batting: LHB Mike Easler
|
0-0: Ball 1-0: Ball 2-0: Called Strike 2-1: DOUBLE (Line Drive, 9LS, EV 94.4 MPH)
|
|
Batting: LHB Darrell Evans
|
0-0: Foul Ball, location: 2F 0-1: Ball 1-1: Ball 2-1: Ball 3-1: Base on Balls
|
|
Pitching: RHP Dan Neumeier
|
|
|
Batting: LHB Joseph Talley
|
0-0: Ball 1-0: Ball 2-0: Ball 3-0: Called Strike 3-1: Called Strike 3-2: Base on Balls Mike Easler to third Darrell Evans to second
|
|
Batting: RHB John Malkin
|
0-0: Ball 1-0: Called Strike 1-1: Fly out, F9 (Flyball, 9D, EV 92.5 MPH) Runner from 3rd tags up, SCORES, throw by RF Darrell Evans to third
|
|
Batting: RHB Jesus Alfaro
|
0-0: Ball 1-0: Fly out, F9 (Flyball, 89M, EV 74.4 MPH)
|
| Bottom of the 7th over - 1 run, 1 hit, 0 errors, 2 left on base; San Francisco 2 - Cincinnati 8 |
| TOP OF THE 8TH |
|
San Francisco Giants batting - Pitching for Cincinnati Reds : LHP Doug Rau
|
|
Batting: LHB Doug Frobel
|
0-0: Ball 1-0: Ball 2-0: Called Strike 2-1: Fly out, F9 (Flyball, 9LS, EV 84.4 MPH)
|
|
Pinch Hitting: LHB Kevin Christensen
|
0-0: Called Strike 0-1: Ball 1-1: DOUBLE (Flyball, 7LD, EV 93.8 MPH)
|
|
Batting: SHB Kevin Bass
|
0-0: Called Strike 0-1: Ball 1-1: SINGLE (Groundball, 56S, EV 68.1 MPH) (infield hit) Kevin Christensen to third
|
|
Batting: RHB Kevin Howard
|
0-0: Foul Ball, location: 2F 0-1: Ball 1-1: Foul Ball, location: 2F 1-2: Foul Ball, location: 2F 1-2: Grounds into double play, 4-6-3 (Groundball, 4, EV 103.1 MPH)
|
| Top of the 8th over - 0 runs, 2 hits, 0 errors, 1 left on base; San Francisco 2 - Cincinnati 8 |
| BOTTOM OF THE 8TH |
|
Cincinnati Reds batting - Pitching for San Francisco Giants : RHP Dan Neumeier
|
|
Pitching: RHP Wayne Twitchell
|
|
|
Batting: RHB John Damon
|
0-0: Called Strike 0-1: Ball 1-1: Ground out 4-3 (Groundball, 4, EV 106.3 MPH)
|
|
Batting: LHB Doug Rau
|
0-0: Ball 1-0: SINGLE (Groundball, 6MD, EV 80.0 MPH) (infield hit)
|
|
Batting: RHB Gary Matthews
|
0-0: Ball 1-0: Called Strike 1-1: Ball 2-1: Grounds into double play, 6-4-3 (Groundball, 6, EV 88.8 MPH)
|
| Bottom of the 8th over - 0 runs, 1 hit, 0 errors, 0 left on base; San Francisco 2 - Cincinnati 8 |
| TOP OF THE 9TH |
|
San Francisco Giants batting - Pitching for Cincinnati Reds : LHP Doug Rau
|
|
Batting: LHB Keith Hernandez
|
0-0: Called Strike 0-1: Swinging Strike 0-2: Ball 1-2: Fly out, F8 (Line Drive, 8RM, EV 98.1 MPH)
|
|
Batting: RHB Phil Bailey
|
0-0: Called Strike 0-1: Swinging Strike 0-2: Fly out, F9 (Flyball, 9LM, EV 88.8 MPH)
|
|
Batting: RHB Don Slaught
|
0-0: Ball 1-0: Fly out, F8 (Flyball, 89D, EV 100.6 MPH)
|
| Top of the 9th over - 0 runs, 0 hits, 0 errors, 0 left on base; San Francisco 2 - Cincinnati 8 |
|